Golden Knights vs Islanders
Created - June 9, 2022 at 19:01
Goals
|
| Golden Knights |
1 |
1 |
1 |
3 |
| Islanders |
1 |
4 |
0 |
5 |
|
Shots
|
| Golden Knights |
8 |
8 |
20 |
36 |
| Islanders |
11 |
13 |
12 |
36 |
|
1st period
1. Golden Knights , Matt Stajan 20 (Mathew Dumba 17, Kellan Lain 29) at 1:43 (PP)
2. Islanders , Melker Karlsson 8 (Pierre-Edouard Bellemare 14, Rick Nash 32) at 17:06
Penalties :
Craig Smith (NyI) for Holding Stick (Minor) at 1:26, Frans Nielsen (NyI) for Roughing (Minor) at 5:26, Zach Bogosian (Veg) for Elbowing (Minor) at 19:20
2nd period
3. Islanders , Melker Karlsson 9 (Yann Sauvé 14, Ryan Ellis 64) at 0:40 (PP)
4. Islanders , Melker Karlsson 10 (Rick Nash 33) at 1:19
5. Islanders , Sergei Plotnikov 17 (Craig Smith 27, Michael Latta 18) at 8:35
6. Islanders , Rick Nash 17 (Brock McGinn 19, Ryan Ellis 65) at 12:51
7. Golden Knights , Andrew Cogliano 29 (Zach Bogosian 55, Andrei Loktionov 54) at 13:01
Penalties :
Matt Stajan (Veg) for Slashing (Minor) at 13:45
3rd period
8. Golden Knights , Andrew Cogliano 30 (Andrei Loktionov 55) at 18:30
Penalties :
No Penalty
Goalie Stats
Matt Hackett (Veg), 16 saves from 17 shots - (0.941), 31:25 minutes
Ondrej Pavelec (Veg), 15 saves from 19 shots - (0.789), L, 24-27-8, 28:35 minutes
Keith Kinkaid (NyI), 33 saves from 36 shots - (0.917), W, 9-8-2, 60:00 minutes
Players Stats for Golden Knights
Player Name G A P +/- PIM S H SB GA TA FO MP PP MP PK MP
------------------------------------------------------------------------------------
Andrei Loktionov 0 2 2 2 0 4 2 1 2 1 14/32 28:30 1:04 2:16
Andrew Cogliano 2 0 2 2 0 6 3 0 0 0 0/0 24:15 1:04 2:17
Chris Tierney 0 0 0 0 0 2 1 0 1 0 3/7 13:19 0:00 0:29
Damien Brunner 0 0 0 2 0 2 5 0 0 1 1/1 22:30 0:55 0:00
Danny DeKeiser 0 0 0 -1 0 0 3 0 1 0 0/0 18:39 1:09 1:11
Eric Gryba 0 0 0 -1 0 0 0 0 0 1 0/0 18:39 1:09 1:11
Jamie Oleksiak 0 0 0 1 0 0 0 0 0 0 0/0 3:50 0:00 0:00
Kellan Lain 0 1 1 -4 0 2 1 2 1 0 1/3 18:36 1:12 0:56
Luke Glendening 0 0 0 0 0 1 1 0 0 0 0/0 11:49 0:00 0:33
Martin Hanzal 0 0 0 0 0 1 0 0 0 0 3/4 5:22 0:00 0:00
Mathew Dumba 0 1 1 -1 0 3 2 2 0 3 0/0 25:25 1:07 2:08
Matt Stajan 1 0 1 -4 2 4 2 0 0 0 12/20 17:01 1:12 0:07
Nathan Horton 0 0 0 -4 0 2 4 0 0 0 1/1 16:55 1:04 0:00
Olli Maatta 0 0 0 -1 0 2 0 0 0 0 0/0 13:26 0:00 1:20
Thomas Vanek 0 0 0 0 0 2 2 0 0 0 1/1 13:01 0:17 0:00
Tom Wilson 0 0 0 0 0 0 1 0 0 0 0/0 5:22 0:00 0:00
Vladimir Mihalik 0 0 0 -1 0 2 0 1 0 0 0/0 12:06 0:00 0:00
Zach Bogosian 0 1 1 0 2 3 0 1 1 2 0/0 27:54 1:07 0:48
Players Stats for Islanders
Player Name G A P +/- PIM S H SB GA TA FO MP PP MP PK MP
------------------------------------------------------------------------------------
Andrew Shaw 0 0 0 0 0 2 0 0 0 1 0/0 7:26 0:00 0:00
Brock McGinn 0 1 1 -1 0 1 3 0 1 0 2/3 21:30 1:16 0:17
Craig Smith 0 1 1 1 2 2 4 2 2 0 0/0 11:30 0:00 0:42
Emerson Etem 0 0 0 0 0 0 1 0 0 0 0/0 9:07 2:03 0:00
Fedor Tyutin 0 0 0 0 0 0 2 2 0 0 0/0 18:27 0:46 0:55
Frans Nielsen 0 0 0 -1 2 2 2 0 0 0 21/42 22:02 2:03 0:00
Jiri Hudler 0 0 0 0 0 0 1 0 0 0 0/1 7:46 0:00 0:35
Justin Falk 0 0 0 1 0 0 3 2 0 2 0/0 12:19 0:00 0:00
Marc-Édouard Vlasic 0 0 0 0 0 0 1 1 0 2 0/0 18:27 0:46 0:55
Melker Karlsson 3 0 3 2 0 6 0 0 1 0 3/9 17:59 1:16 0:24
Michael Latta 0 1 1 1 0 1 1 0 0 0 4/7 10:49 0:00 0:00
Nikita Zadorov 0 0 0 1 0 1 1 0 0 0 0/0 12:19 0:00 0:00
Pierre-Edouard Bellemare 0 1 1 2 0 1 1 1 0 0 0/1 16:16 0:00 0:00
Rick Nash 1 2 3 2 0 3 0 0 0 0 0/0 18:49 1:16 1:17
Ryan Ellis 0 2 2 1 0 4 2 4 1 0 0/0 29:14 2:33 1:21
Sergei Plotnikov 1 0 1 1 0 4 1 0 0 0 0/0 11:11 0:00 0:00
Vladimir Tarasenko 0 0 0 -1 0 8 3 1 2 0 3/6 23:17 2:03 1:17
Yann Sauvé 0 1 1 1 0 1 1 2 1 1 0/0 29:14 2:33 1:21
3 Stars
1 - Melker Karlsson (NyI)
2 - Rick Nash (NyI)
3 - Andrew Cogliano (Veg)
Power Play
Golden Knights - 1 on 2 Attempt(s) - 50.00%
Islanders - 1 on 2 Attempt(s) - 50.00%
Penalty Kill
Golden Knights - 1 on 2 Attempt(s) - 50.00%
- Score 0 goal in Penalty Kill
Islanders - 1 on 2 Attempt(s) - 50.00%
- Score 0 goal in Penalty Kill
Team Stat
Golden Knights - Hits : 27 - Faceoff Wins : 36 - Blocked Shots : 7 - Penalty Minutes : 4
Islanders - Hits : 27 - Faceoff Wins : 33 - Blocked Shots : 15 - Penalty Minutes : 4
Official
Referees : Kevin Pollock and Tim Peel
Linesman : Michel Cormier and Ryan Gibbons
Game Notes
Melker Karlsson has scored a Hat Trick!
Matt Hackett enters game at 8:35 of 2nd period
Luke Glendening is injured at 12:17 of 3rd period (Left Foot)
Finance
Level 1 -- Attendance: 5309 (88.48%) -- Ticket Income $530,900
Level 2 -- Attendance: 5000 (100.00%) -- Ticket Income $300,000
Level 3 -- Attendance: 1770 (88.50%) -- Ticket Income $61,950
Level 4 -- Attendance: 4000 (100.00%) -- Ticket Income $100,000
Luxury Box -- Attendance: 900 (90.00%) -- Ticket Income $180,000
Game was played at the Nassau Coliseum.
Total Attendance: 16979 (94.33%)
Total Ticket Income: $1,172,850
Other Income: $175,928
Total Income: $1,348,778
Golden Knights
5 vs 5 Forward
Center Left Wing Right Wing Time % Phy DF OF
1 Andrei Loktionov Andrew Cogliano Damien Brunner 40 1 2 2
2 Matt Stajan Kellan Lain Nathan Horton 30 1 2 2
3 Chris Tierney Thomas Vanek Luke Glendening 20 1 2 2
4 Martin Hanzal Andrei Loktionov Tom Wilson 10 1 2 2
5 vs 5 Defense
Defense Defense Time % Phy DF OF
1 Zach Bogosian Mathew Dumba 40 1 2 2
2 Danny DeKeiser Eric Gryba 30 1 2 2
3 Vladimir Mihalik Olli Maatta 20 1 2 2
4 Jamie Oleksiak Zach Bogosian 10 1 2 2
PowerPlay Forward
Center Left Wing Right Wing Time % Phy DF OF
1 Andrei Loktionov Andrew Cogliano Nathan Horton 60 1 2 2
2 Matt Stajan Kellan Lain Damien Brunner 40 1 2 2
PowerPlay Defense
Defense Defense Time % Phy DF OF
1 Zach Bogosian Mathew Dumba 60 1 2 2
2 Danny DeKeiser Eric Gryba 40 1 2 2
Penalty Kill 4 Players Forward
Center Wing Time % Phy DF OF
1 Andrei Loktionov Andrew Cogliano 60 1 2 2
2 Matt Stajan Kellan Lain 40 1 2 2
Penalty Kill 4 Players Defense
Defense Defense Time % Phy DF OF
1 Zach Bogosian Mathew Dumba 60 1 2 2
2 Danny DeKeiser Eric Gryba 40 1 2 2
Penalty Kill - 3 Players Forward
Forward Time % Phy DF OF
1 Andrei Loktionov 60 1 2 2
2 Andrew Cogliano 40 1 2 2
Penalty Kill - 3 Players Defense
Defense Defense Time % Phy DF OF
1 Zach Bogosian Mathew Dumba 60 1 2 2
2 Danny DeKeiser Eric Gryba 40 1 2 2
4 vs 4 Forward
Center Wing Time % Phy DF OF
1 Andrei Loktionov Andrew Cogliano 60 1 2 2
2 Matt Stajan Kellan Lain 40 1 2 2
4 vs 4 Defense
Defense Defense Time % Phy DF OF
1 Zach Bogosian Mathew Dumba 60 1 2 2
2 Danny DeKeiser Eric Gryba 40 1 2 2
Last Minutes Offensive
Center Left Wing Right Wing Defense Defense
Andrei Loktionov Andrew Cogliano Nathan Horton Zach Bogosian Mathew Dumba
Last Minutes Defensive
Center Left Wing Right Wing Defense Defense
Andrei Loktionov Andrew Cogliano Nathan Horton Zach Bogosian Mathew Dumba
Goaltenders
Starting : Ondrej Pavelec
Backup : Matt Hackett
Extra Forwards
Normal : Thomas Vanek, Chris Tierney, Luke Glendening - PP : Thomas Vanek, Chris Tierney - PK : Luke Glendening
Extra Defensemen
Normal : Vladimir Mihalik, Olli Maatta, Jamie Oleksiak - PP : Vladimir Mihalik - PK : Olli Maatta, Jamie Oleksiak
Penalty Shots
Andrei Loktionov, Andrew Cogliano, Matt Stajan, Kellan Lain, Thomas Vanek
Scratches
Michael Raffl (Healthy), Shawn Matthias (Healthy)
Islanders
5 vs 5 Forward
Center Left Wing Right Wing Time % Phy DF OF
1 Frans Nielsen Brock McGinn Vladimir Tarasenko 40 1 2 2
2 Melker Karlsson Pierre-Edouard Bellemare Rick Nash 30 1 2 2
3 Michael Latta Sergei Plotnikov Craig Smith 20 1 2 2
4 Jiri Hudler Emerson Etem Andrew Shaw 10 1 2 2
5 vs 5 Defense
Defense Defense Time % Phy DF OF
1 Ryan Ellis Yann Sauvé 40 1 2 2
2 Fedor Tyutin Marc-Édouard Vlasic 30 1 2 2
3 Nikita Zadorov Justin Falk 20 1 2 2
4 Ryan Ellis Yann Sauvé 10 1 2 2
PowerPlay Forward
Center Left Wing Right Wing Time % Phy DF OF
1 Frans Nielsen Emerson Etem Vladimir Tarasenko 60 1 2 2
2 Melker Karlsson Brock McGinn Rick Nash 40 1 2 2
PowerPlay Defense
Defense Defense Time % Phy DF OF
1 Ryan Ellis Yann Sauvé 60 1 2 2
2 Fedor Tyutin Marc-Édouard Vlasic 40 1 2 2
Penalty Kill 4 Players Forward
Center Wing Time % Phy DF OF
1 Vladimir Tarasenko Rick Nash 60 1 2 2
2 Frans Nielsen Craig Smith 40 1 2 2
Penalty Kill 4 Players Defense
Defense Defense Time % Phy DF OF
1 Ryan Ellis Yann Sauvé 60 1 2 2
2 Fedor Tyutin Marc-Édouard Vlasic 40 1 2 2
Penalty Kill - 3 Players Forward
Forward Time % Phy DF OF
1 Vladimir Tarasenko 60 1 2 2
2 Rick Nash 40 1 2 2
Penalty Kill - 3 Players Defense
Defense Defense Time % Phy DF OF
1 Ryan Ellis Yann Sauvé 60 1 2 2
2 Fedor Tyutin Marc-Édouard Vlasic 40 1 2 2
4 vs 4 Forward
Center Wing Time % Phy DF OF
1 Vladimir Tarasenko Rick Nash 60 1 2 2
2 Frans Nielsen Craig Smith 40 1 2 2
4 vs 4 Defense
Defense Defense Time % Phy DF OF
1 Ryan Ellis Yann Sauvé 60 1 2 2
2 Fedor Tyutin Marc-Édouard Vlasic 40 1 2 2
Last Minutes Offensive
Center Left Wing Right Wing Defense Defense
Frans Nielsen Emerson Etem Vladimir Tarasenko Ryan Ellis Yann Sauvé
Last Minutes Defensive
Center Left Wing Right Wing Defense Defense
Frans Nielsen Emerson Etem Vladimir Tarasenko Ryan Ellis Yann Sauvé
Goaltenders
Starting : Keith Kinkaid
Backup : Ryan Miller
Extra Forwards
Normal : Andrew Shaw, Sergei Plotnikov, Jiri Hudler - PP : Andrew Shaw, Sergei Plotnikov - PK : Jiri Hudler
Extra Defensemen
Normal : Nikita Zadorov, Justin Falk, Fedor Tyutin - PP : Nikita Zadorov - PK : Justin Falk, Fedor Tyutin
Penalty Shots
Vladimir Tarasenko, Rick Nash, Frans Nielsen, Craig Smith, Emerson Etem
Scratches
Carl Klingberg (Healthy), Julien Ellis (Healthy)
% Time on Ice - Golden Knights
Lines # - Real PCT - Wanted PCT - Time Play
Normal Forward
1 - 39% - 40% - 21:05
2 - 29% - 30% - 15:39
3 - 23% - 20% - 12:19
4 - 10% - 10% - 5:22
Normal Defense
1 - 41% - 40% - 22:10
2 - 30% - 30% - 16:19
3 - 22% - 20% - 12:06
4 - 7% - 10% - 3:50
PP Forward
1 - 47% - 60% - 1:04
2 - 53% - 40% - 1:12
PP Defense
1 - 49% - 60% - 1:07
2 - 51% - 40% - 1:09
PK Forward
1 - 86% - 60% - 2:52
2 - 14% - 40% - 0:27
PK Defense
1 - 64% - 60% - 2:08
2 - 36% - 40% - 1:11
PK3 Forward
1 - 0% - 60%
2 - 0% - 40%
PK3 Defense
1 - 0% - 60%
2 - 0% - 40%
44 Forward
1 - 0% - 60%
2 - 0% - 40%
44 Defense
1 - 0% - 60%
2 - 0% - 40%
Last Minute Offensive - 0:00
Last Minute Defensive - 0:00
Total
Forward - 60:00
Defense - 60:00
|
% Time on Ice - Islanders
Lines # - Real PCT - Wanted PCT - Time Play
Normal Forward
1 - 37% - 40% - 20:19
2 - 30% - 30% - 16:16
3 - 20% - 20% - 10:49
4 - 13% - 10% - 7:01
Normal Defense
1 - 40% - 40% - 21:39
2 - 31% - 30% - 16:46
3 - 23% - 20% - 12:19
4 - 7% - 10% - 3:41
PP Forward
1 - 62% - 60% - 2:03
2 - 38% - 40% - 1:16
PP Defense
1 - 77% - 60% - 2:33
2 - 23% - 40% - 0:46
PK Forward
1 - 69% - 60% - 1:34
2 - 31% - 40% - 0:42
PK Defense
1 - 60% - 60% - 1:21
2 - 40% - 40% - 0:55
PK3 Forward
1 - 0% - 60%
2 - 0% - 40%
PK3 Defense
1 - 0% - 60%
2 - 0% - 40%
44 Forward
1 - 0% - 60%
2 - 0% - 40%
44 Defense
1 - 0% - 60%
2 - 0% - 40%
Last Minute Offensive - 0:00
Last Minute Defensive - 0:00
Total
Forward - 60:00
Defense - 60:00
|
Play-by-Play
1st period
0:01 of 1st period - Andrei Loktionov wins face-off versus Frans Nielsen in neutral zone.
1:26 of 1st period - Minor Penalty to Craig Smith for Holding Stick.
1:27 of 1st period - Vladimir Tarasenko wins face-off versus Matt Stajan in Islanders zone.
1:37 of 1st period - Slapshot by Zach Bogosian.
1:37 of 1st period - Stopped by Keith Kinkaid with a rebound.
1:39 of 1st period - Snap shot by Kellan Lain.
1:39 of 1st period - Stopped by Keith Kinkaid with a rebound.
1:41 of 1st period - Slapshot by Mathew Dumba.
1:41 of 1st period - Shot Misses the Net.
1:43 of 1st period - Wrist shot by Matt Stajan.
1:43 of 1st period - Goal by Matt Stajan - Golden Knights : 1 - Islanders : 0.
1:44 of 1st period - Matt Stajan wins face-off versus Melker Karlsson in neutral zone.
2:00 of 1st period - Off-side.
2:01 of 1st period - Frans Nielsen wins face-off versus Chris Tierney in neutral zone.
2:28 of 1st period - Nathan Horton is hit by Nikita Zadorov and loses puck.
3:40 of 1st period - Slapshot by Ryan Ellis.
3:40 of 1st period - Deflect By Brock McGinn.
3:40 of 1st period - Stopped by Ondrej Pavelec without a rebound.
3:41 of 1st period - Chris Tierney wins face-off versus Frans Nielsen in Golden Knights zone.
3:41 of 1st period - Chris Tierney is hit by Frans Nielsen.
3:53 of 1st period - Wrist shot by Brock McGinn.
3:53 of 1st period - Shot Hit the Post.
4:07 of 1st period - Rick Nash is hit by Nathan Horton and loses puck.
4:52 of 1st period - Ryan Ellis is hit by Danny DeKeiser and loses puck.
5:13 of 1st period - Marc-Édouard Vlasic is hit by Andrei Loktionov and loses puck.
5:20 of 1st period - Wrist shot by Tom Wilson.
5:20 of 1st period - Shot Misses the Net.
5:26 of 1st period - Minor Penalty to Frans Nielsen for Roughing.
5:27 of 1st period - Andrei Loktionov wins face-off versus Vladimir Tarasenko in Islanders zone.
5:30 of 1st period - Slapshot by Andrei Loktionov.
5:30 of 1st period - Shot Misses the Net.
5:32 of 1st period - Wrist shot by Danny DeKeiser.
5:32 of 1st period - Deflect By Andrei Loktionov.
5:32 of 1st period - Stopped by Keith Kinkaid without a rebound.
5:33 of 1st period - Andrei Loktionov wins face-off versus Vladimir Tarasenko in Islanders zone.
6:25 of 1st period - Andrei Loktionov is hit by Craig Smith and loses puck.
7:26 of 1st period - Penalty to Frans Nielsen is over, Frans Nielsen is back on ice.
7:34 of 1st period - Slapshot by Andrew Shaw.
7:34 of 1st period - Shot Misses the Net.
7:36 of 1st period - Slapshot by Nikita Zadorov.
7:36 of 1st period - Shot Blocked by Mathew Dumba.
7:38 of 1st period - Slapshot by Justin Falk.
7:38 of 1st period - Shot Misses the Net.
7:40 of 1st period - Backhand shot by Jiri Hudler.
7:40 of 1st period - Shot Hit the Post.
7:42 of 1st period - Snap shot by Emerson Etem.
7:42 of 1st period - Shot Misses the Net.
7:52 of 1st period - Nikita Zadorov is hit by Andrei Loktionov and loses puck.
8:13 of 1st period - Slapshot by Rick Nash.
8:13 of 1st period - Stopped by Ondrej Pavelec with a rebound.
8:35 of 1st period - Backhand shot by Fedor Tyutin.
8:35 of 1st period - Shot Misses the Net.
8:37 of 1st period - Slapshot by Marc-Édouard Vlasic.
8:37 of 1st period - Shot Blocked by Vladimir Mihalik.
9:24 of 1st period - Snap shot by Craig Smith.
9:24 of 1st period - Stopped by Ondrej Pavelec without a rebound.
9:25 of 1st period - Thomas Vanek wins face-off versus Melker Karlsson in Golden Knights zone.
9:30 of 1st period - Slapshot by Vladimir Mihalik.
9:30 of 1st period - Stopped by Keith Kinkaid without a rebound.
9:31 of 1st period - Matt Stajan wins face-off versus Pierre-Edouard Bellemare in Islanders zone.
9:42 of 1st period - Snap shot by Matt Stajan.
9:42 of 1st period - Stopped by Keith Kinkaid without a rebound.
9:43 of 1st period - Frans Nielsen wins face-off versus Andrei Loktionov in Islanders zone.
10:09 of 1st period - Rick Nash is hit by Nathan Horton.
10:13 of 1st period - Slapshot by Melker Karlsson.
10:13 of 1st period - Stopped by Ondrej Pavelec without a rebound.
10:14 of 1st period - Melker Karlsson wins face-off versus Kellan Lain in Golden Knights zone.
11:24 of 1st period - Wrist shot by Craig Smith.
11:24 of 1st period - Deflect By Sergei Plotnikov.
11:24 of 1st period - Stopped by Ondrej Pavelec with a rebound.
11:26 of 1st period - Wrist shot by Sergei Plotnikov.
11:26 of 1st period - Stopped by Ondrej Pavelec without a rebound.
11:27 of 1st period - Frans Nielsen wins face-off versus Andrei Loktionov in Golden Knights zone.
11:34 of 1st period - Eric Gryba is hit by Vladimir Tarasenko and loses puck.
12:15 of 1st period - Andrew Cogliano is hit by Justin Falk and loses puck.
12:56 of 1st period - Wrist shot by Andrei Loktionov.
12:56 of 1st period - Shot Blocked by Justin Falk.
12:58 of 1st period - Backhand shot by Andrei Loktionov.
12:58 of 1st period - Shot Blocked by Justin Falk.
13:00 of 1st period - Slapshot by Olli Maatta.
13:00 of 1st period - Deflect By Andrei Loktionov.
13:00 of 1st period - Shot Hit the Post.
13:00 of 1st period - Puck is out of play.
13:01 of 1st period - Matt Stajan wins face-off versus Frans Nielsen in Islanders zone.
13:58 of 1st period - Icing by Rick Nash.
13:59 of 1st period - Martin Hanzal wins face-off versus Michael Latta in Islanders zone.
14:12 of 1st period - Wrist shot by Tom Wilson.
14:12 of 1st period - Shot Blocked by Craig Smith.
14:34 of 1st period - Wrist shot by Frans Nielsen.
14:34 of 1st period - Stopped by Ondrej Pavelec without a rebound.
14:35 of 1st period - Matt Stajan wins face-off versus Melker Karlsson in Golden Knights zone.
14:39 of 1st period - Off-side.
14:40 of 1st period - Melker Karlsson wins face-off versus Matt Stajan in neutral zone.
14:54 of 1st period - Snap shot by Zach Bogosian.
14:54 of 1st period - Deflect By Nathan Horton.
14:54 of 1st period - Stopped by Keith Kinkaid with a rebound.
15:36 of 1st period - Ryan Ellis is hit by Thomas Vanek.
15:58 of 1st period - Snap shot by Zach Bogosian.
15:58 of 1st period - Shot Misses the Net.
16:14 of 1st period - Snap shot by Andrei Loktionov.
16:14 of 1st period - Shot Misses the Net.
16:20 of 1st period - Snap shot by Ryan Ellis.
16:20 of 1st period - Stopped by Ondrej Pavelec without a rebound.
16:21 of 1st period - Chris Tierney wins face-off versus Frans Nielsen in Golden Knights zone.
16:26 of 1st period - Slapshot by Thomas Vanek.
16:26 of 1st period - Shot Misses the Net.
16:28 of 1st period - Wrist shot by Chris Tierney.
16:28 of 1st period - Stopped by Keith Kinkaid without a rebound.
16:29 of 1st period - Frans Nielsen wins face-off versus Andrei Loktionov in Islanders zone.
16:34 of 1st period - Andrew Cogliano is hit by Vladimir Tarasenko and loses puck.
16:48 of 1st period - Off-side.
16:49 of 1st period - Melker Karlsson wins face-off versus Matt Stajan in neutral zone.
16:58 of 1st period - Slapshot by Ryan Ellis.
16:58 of 1st period - Shot Misses the Net.
17:00 of 1st period - Wrist shot by Rick Nash.
17:00 of 1st period - Shot Misses the Net.
17:02 of 1st period - Snap shot by Pierre-Edouard Bellemare.
17:02 of 1st period - Stopped by Ondrej Pavelec with a rebound.
17:04 of 1st period - Slapshot by Melker Karlsson.
17:04 of 1st period - Shot Misses the Net.
17:06 of 1st period - Wrist shot by Melker Karlsson.
17:06 of 1st period - Goal by Melker Karlsson - Golden Knights : 1 - Islanders : 1.
17:07 of 1st period - Frans Nielsen wins face-off versus Andrei Loktionov in neutral zone.
17:20 of 1st period - Off-side.
17:21 of 1st period - Andrei Loktionov wins face-off versus Frans Nielsen in neutral zone.
17:26 of 1st period - Wrist shot by Zach Bogosian.
17:26 of 1st period - Deflect By Damien Brunner.
17:26 of 1st period - Shot Blocked by Ryan Ellis.
17:26 of 1st period - Puck is out of play.
17:27 of 1st period - Frans Nielsen wins face-off versus Andrei Loktionov in Islanders zone.
17:56 of 1st period - Snap shot by Zach Bogosian.
17:56 of 1st period - Shot Blocked by Ryan Ellis.
18:21 of 1st period - Off-side.
18:22 of 1st period - Andrei Loktionov wins face-off versus Frans Nielsen in neutral zone.
18:22 of 1st period - Andrei Loktionov is hit by Brock McGinn.
18:27 of 1st period - Danny DeKeiser is hit by Fedor Tyutin and loses puck.
18:48 of 1st period - Nathan Horton is hit by Sergei Plotnikov and loses puck.
18:55 of 1st period - Craig Smith is hit by Kellan Lain and loses puck.
18:59 of 1st period - Icing by Marc-Édouard Vlasic.
19:00 of 1st period - Michael Latta wins face-off versus Chris Tierney in Islanders zone.
19:05 of 1st period - Slapshot by Craig Smith.
19:05 of 1st period - Shot Misses the Net.
19:20 of 1st period - Minor Penalty to Zach Bogosian for Elbowing.
19:21 of 1st period - Frans Nielsen wins face-off versus Andrei Loktionov in Golden Knights zone.
19:21 of 1st period - Snap shot by Vladimir Tarasenko.
19:21 of 1st period - Stopped by Ondrej Pavelec without a rebound.
19:22 of 1st period - Andrei Loktionov wins face-off versus Frans Nielsen in Golden Knights zone.
Goals for this period are 1 for Golden Knights vs 1 for Islanders.
Shots for this period are 8 for Golden Knights vs 11 for Islanders.
2nd period
0:01 of 2nd period - Frans Nielsen wins face-off versus Andrei Loktionov in neutral zone.
0:03 of 2nd period - Off-side.
0:04 of 2nd period - Andrei Loktionov wins face-off versus Vladimir Tarasenko in neutral zone.
0:36 of 2nd period - Slapshot by Ryan Ellis.
0:36 of 2nd period - Shot Blocked by Kellan Lain.
0:38 of 2nd period - Slapshot by Yann Sauvé.
0:38 of 2nd period - Stopped by Ondrej Pavelec with a rebound.
0:40 of 2nd period - Wrist shot by Melker Karlsson.
0:40 of 2nd period - Goal by Melker Karlsson - Golden Knights : 1 - Islanders : 2.
0:41 of 2nd period - Vladimir Tarasenko wins face-off versus Andrei Loktionov in neutral zone.
1:08 of 2nd period - Rick Nash is hit by Matt Stajan and loses puck.
1:19 of 2nd period - Slapshot by Melker Karlsson.
1:19 of 2nd period - Goal by Melker Karlsson - Golden Knights : 1 - Islanders : 3.
1:20 of 2nd period - Frans Nielsen wins face-off versus Andrei Loktionov in neutral zone.
1:31 of 2nd period - Wrist shot by Vladimir Tarasenko.
1:31 of 2nd period - Stopped by Ondrej Pavelec with a rebound.
1:33 of 2nd period - Snap shot by Frans Nielsen.
1:33 of 2nd period - Shot Misses the Net.
1:35 of 2nd period - Slapshot by Ryan Ellis.
1:35 of 2nd period - Shot Blocked by Mathew Dumba.
1:58 of 2nd period - Snap shot by Melker Karlsson.
1:58 of 2nd period - Shot Misses the Net.
2:34 of 2nd period - Andrei Loktionov is hit by Justin Falk and loses puck.
3:07 of 2nd period - Matt Stajan is hit by Justin Falk.
3:21 of 2nd period - Thomas Vanek is hit by Craig Smith and loses puck.
3:50 of 2nd period - Snap shot by Frans Nielsen.
3:50 of 2nd period - Deflect By Vladimir Tarasenko.
3:50 of 2nd period - Stopped by Ondrej Pavelec without a rebound.
3:51 of 2nd period - Matt Stajan wins face-off versus Frans Nielsen in Golden Knights zone.
3:59 of 2nd period - Brock McGinn is hit by Danny DeKeiser and loses puck.
4:16 of 2nd period - Frans Nielsen is hit by Andrew Cogliano and loses puck.
4:43 of 2nd period - Pierre-Edouard Bellemare is hit by Chris Tierney and loses puck.
5:22 of 2nd period - Slapshot by Ryan Ellis.
5:22 of 2nd period - Shot Misses the Net.
5:55 of 2nd period - Nathan Horton is hit by Craig Smith and loses puck.
6:02 of 2nd period - Snap shot by Michael Latta.
6:02 of 2nd period - Stopped by Ondrej Pavelec without a rebound.
6:03 of 2nd period - Brock McGinn wins face-off versus Andrei Loktionov in Golden Knights zone.
6:08 of 2nd period - Snap shot by Frans Nielsen.
6:08 of 2nd period - Deflect By Andrew Cogliano.
6:08 of 2nd period - Shot Misses the Net.
6:08 of 2nd period - Puck is out of play.
6:09 of 2nd period - Andrei Loktionov wins face-off versus Frans Nielsen in Golden Knights zone.
6:28 of 2nd period - Andrew Cogliano is hit by Vladimir Tarasenko and loses puck.
6:35 of 2nd period - Brock McGinn is hit by Damien Brunner and loses puck.
6:44 of 2nd period - Snap shot by Andrei Loktionov.
6:44 of 2nd period - Stopped by Keith Kinkaid with a rebound.
6:52 of 2nd period - Snap shot by Damien Brunner.
6:52 of 2nd period - Stopped by Keith Kinkaid with a rebound.
6:54 of 2nd period - Snap shot by Andrew Cogliano.
6:54 of 2nd period - Stopped by Keith Kinkaid without a rebound.
6:55 of 2nd period - Matt Stajan wins face-off versus Melker Karlsson in Islanders zone.
7:00 of 2nd period - Snap shot by Matt Stajan.
7:00 of 2nd period - Stopped by Keith Kinkaid with a rebound.
7:20 of 2nd period - Pierre-Edouard Bellemare is hit by Luke Glendening and loses puck.
7:45 of 2nd period - Snap shot by Melker Karlsson.
7:45 of 2nd period - Shot Misses the Net.
7:47 of 2nd period - Snap shot by Nikita Zadorov.
7:47 of 2nd period - Shot Misses the Net.
8:01 of 2nd period - Snap shot by Rick Nash.
8:01 of 2nd period - Stopped by Ondrej Pavelec without a rebound.
8:02 of 2nd period - Andrei Loktionov wins face-off versus Frans Nielsen in Golden Knights zone.
8:33 of 2nd period - Wrist shot by Craig Smith.
8:33 of 2nd period - Shot Blocked by Zach Bogosian.
8:35 of 2nd period - Slapshot by Sergei Plotnikov.
8:35 of 2nd period - Goal by Sergei Plotnikov - Golden Knights : 1 - Islanders : 4.
8:35 of 2nd period - Matt Hackett enters game.
8:36 of 2nd period - Frans Nielsen wins face-off versus Andrei Loktionov in neutral zone.
10:41 of 2nd period - Wrist shot by Andrew Cogliano.
10:41 of 2nd period - Stopped by Keith Kinkaid without a rebound.
10:42 of 2nd period - Andrei Loktionov wins face-off versus Melker Karlsson in Islanders zone.
11:07 of 2nd period - Zach Bogosian is hit by Pierre-Edouard Bellemare and loses puck.
11:24 of 2nd period - Wrist shot by Melker Karlsson.
11:24 of 2nd period - Stopped by Matt Hackett without a rebound.
11:25 of 2nd period - Frans Nielsen wins face-off versus Matt Stajan in Golden Knights zone.
11:52 of 2nd period - Craig Smith is hit by Mathew Dumba and loses puck.
12:13 of 2nd period - Emerson Etem is hit by Mathew Dumba and loses puck.
12:22 of 2nd period - Slapshot by Mathew Dumba.
12:22 of 2nd period - Stopped by Keith Kinkaid without a rebound.
12:23 of 2nd period - Frans Nielsen wins face-off versus Andrei Loktionov in Islanders zone.
12:23 of 2nd period - Frans Nielsen is hit by Damien Brunner.
12:51 of 2nd period - Snap shot by Rick Nash.
12:51 of 2nd period - Goal by Rick Nash - Golden Knights : 1 - Islanders : 5.
12:52 of 2nd period - Damien Brunner wins face-off versus Frans Nielsen in neutral zone.
12:54 of 2nd period - Zach Bogosian is hit by Frans Nielsen and loses puck.
13:01 of 2nd period - Snap shot by Andrew Cogliano.
13:01 of 2nd period - Goal by Andrew Cogliano - Golden Knights : 2 - Islanders : 5.
13:02 of 2nd period - Andrei Loktionov wins face-off versus Brock McGinn in neutral zone.
13:33 of 2nd period - Wrist shot by Rick Nash.
13:33 of 2nd period - Shot Misses the Net.
13:35 of 2nd period - Slapshot by Yann Sauvé.
13:35 of 2nd period - Shot Blocked by Kellan Lain.
13:45 of 2nd period - Minor Penalty to Matt Stajan for Slashing.
13:46 of 2nd period - Frans Nielsen wins face-off versus Andrei Loktionov in Golden Knights zone.
13:53 of 2nd period - Slapshot by Ryan Ellis.
13:53 of 2nd period - Stopped by Matt Hackett without a rebound.
13:54 of 2nd period - Andrei Loktionov wins face-off versus Frans Nielsen in Golden Knights zone.
13:54 of 2nd period - Andrei Loktionov is hit by Ryan Ellis.
14:06 of 2nd period - Snap shot by Andrei Loktionov.
14:06 of 2nd period - Shot Misses the Net.
14:08 of 2nd period - Slapshot by Eric Gryba.
14:08 of 2nd period - Shot Blocked by Ryan Ellis.
14:10 of 2nd period - Slapshot by Eric Gryba.
14:10 of 2nd period - Shot Misses the Net.
14:30 of 2nd period - Slapshot by Rick Nash.
14:30 of 2nd period - Shot Misses the Net.
15:42 of 2nd period - Icing by Emerson Etem.
15:43 of 2nd period - Frans Nielsen wins face-off versus Chris Tierney in Islanders zone.
15:45 of 2nd period - Penalty to Matt Stajan is over, Matt Stajan is back on ice.
16:30 of 2nd period - Snap shot by Emerson Etem.
16:30 of 2nd period - Deflect By Jiri Hudler.
16:30 of 2nd period - Shot Misses the Net.
16:30 of 2nd period - Puck is out of play.
16:31 of 2nd period - Andrei Loktionov wins face-off versus Jiri Hudler in Golden Knights zone.
16:55 of 2nd period - Yann Sauvé is hit by Matt Stajan and loses puck.
17:20 of 2nd period - Wrist shot by Andrew Shaw.
17:20 of 2nd period - Stopped by Matt Hackett without a rebound.
17:21 of 2nd period - Frans Nielsen wins face-off versus Andrei Loktionov in Golden Knights zone.
17:24 of 2nd period - Wrist shot by Vladimir Tarasenko.
17:24 of 2nd period - Stopped by Matt Hackett with a rebound.
18:14 of 2nd period - Wrist shot by Thomas Vanek.
18:14 of 2nd period - Shot Blocked by Craig Smith.
18:16 of 2nd period - Snap shot by Luke Glendening.
18:16 of 2nd period - Stopped by Keith Kinkaid without a rebound.
18:17 of 2nd period - Vladimir Tarasenko wins face-off versus Andrei Loktionov in Islanders zone.
18:25 of 2nd period - Off-side.
18:26 of 2nd period - Andrei Loktionov wins face-off versus Frans Nielsen in neutral zone.
18:29 of 2nd period - Frans Nielsen is hit by Andrew Cogliano and loses puck.
18:38 of 2nd period - Zach Bogosian is hit by Brock McGinn and loses puck.
19:39 of 2nd period - Frans Nielsen is hit by Damien Brunner and loses puck.
Goals for this period are 1 for Golden Knights vs 4 for Islanders.
Shots for this period are 8 for Golden Knights vs 13 for Islanders.
3rd period
0:01 of 3rd period - Kellan Lain wins face-off versus Frans Nielsen in neutral zone.
0:27 of 3rd period - Zach Bogosian is hit by Craig Smith and loses puck.
1:14 of 3rd period - Wrist shot by Andrew Shaw.
1:14 of 3rd period - Stopped by Matt Hackett with a rebound.
1:22 of 3rd period - Slapshot by Ryan Ellis.
1:22 of 3rd period - Stopped by Matt Hackett without a rebound.
1:23 of 3rd period - Brock McGinn wins face-off versus Matt Stajan in Golden Knights zone.
1:50 of 3rd period - Thomas Vanek is hit by Fedor Tyutin.
1:54 of 3rd period - Slapshot by Mathew Dumba.
1:54 of 3rd period - Stopped by Keith Kinkaid with a rebound.
1:56 of 3rd period - Snap shot by Thomas Vanek.
1:56 of 3rd period - Deflect By Chris Tierney.
1:56 of 3rd period - Stopped by Keith Kinkaid with a rebound.
2:09 of 3rd period - Off-side.
2:10 of 3rd period - Michael Latta wins face-off versus Andrei Loktionov in neutral zone.
3:24 of 3rd period - Snap shot by Ryan Ellis.
3:24 of 3rd period - Stopped by Matt Hackett with a rebound.
3:26 of 3rd period - Snap shot by Craig Smith.
3:26 of 3rd period - Stopped by Matt Hackett with a rebound.
3:28 of 3rd period - Slapshot by Yann Sauvé.
3:28 of 3rd period - Shot Misses the Net.
4:03 of 3rd period - Wrist shot by Thomas Vanek.
4:03 of 3rd period - Stopped by Keith Kinkaid without a rebound.
4:04 of 3rd period - Frans Nielsen wins face-off versus Kellan Lain in Islanders zone.
4:09 of 3rd period - Snap shot by Frans Nielsen.
4:09 of 3rd period - Stopped by Matt Hackett with a rebound.
5:03 of 3rd period - Snap shot by Sergei Plotnikov.
5:03 of 3rd period - Stopped by Matt Hackett without a rebound.
5:04 of 3rd period - Matt Stajan wins face-off versus Frans Nielsen in Golden Knights zone.
5:09 of 3rd period - Slapshot by Olli Maatta.
5:09 of 3rd period - Stopped by Keith Kinkaid without a rebound.
5:10 of 3rd period - Frans Nielsen wins face-off versus Matt Stajan in Islanders zone.
5:10 of 3rd period - Frans Nielsen is hit by Nathan Horton.
6:02 of 3rd period - Wrist shot by Andrei Loktionov.
6:02 of 3rd period - Shot Blocked by Yann Sauvé.
6:45 of 3rd period - Slapshot by Ryan Ellis.
6:45 of 3rd period - Shot Misses the Net.
6:57 of 3rd period - Andrew Cogliano is hit by Ryan Ellis and loses puck.
7:22 of 3rd period - Snap shot by Andrei Loktionov.
7:22 of 3rd period - Stopped by Keith Kinkaid with a rebound.
7:24 of 3rd period - Wrist shot by Andrew Cogliano.
7:24 of 3rd period - Stopped by Keith Kinkaid with a rebound.
7:26 of 3rd period - Slapshot by Olli Maatta.
7:26 of 3rd period - Shot Misses the Net.
7:28 of 3rd period - Slapshot by Olli Maatta.
7:28 of 3rd period - Shot Misses the Net.
7:30 of 3rd period - Snap shot by Andrei Loktionov.
7:30 of 3rd period - Shot Misses the Net.
8:08 of 3rd period - Yann Sauvé is hit by Andrew Cogliano and loses puck.
8:35 of 3rd period - Melker Karlsson is hit by Damien Brunner and loses puck.
8:58 of 3rd period - Snap shot by Damien Brunner.
8:58 of 3rd period - Stopped by Keith Kinkaid without a rebound.
8:59 of 3rd period - Matt Stajan wins face-off versus Frans Nielsen in Islanders zone.
9:26 of 3rd period - Craig Smith is hit by Thomas Vanek and loses puck.
9:37 of 3rd period - Snap shot by Zach Bogosian.
9:37 of 3rd period - Stopped by Keith Kinkaid without a rebound.
9:38 of 3rd period - Chris Tierney wins face-off versus Frans Nielsen in Islanders zone.
9:47 of 3rd period - Slapshot by Brock McGinn.
9:47 of 3rd period - Shot Misses the Net.
9:49 of 3rd period - Slapshot by Nikita Zadorov.
9:49 of 3rd period - Deflect By Vladimir Tarasenko.
9:49 of 3rd period - Stopped by Matt Hackett with a rebound.
9:51 of 3rd period - Snap shot by Frans Nielsen.
9:51 of 3rd period - Shot Misses the Net.
9:53 of 3rd period - Slapshot by Nikita Zadorov.
9:53 of 3rd period - Stopped by Matt Hackett with a rebound.
10:27 of 3rd period - Thomas Vanek is hit by Jiri Hudler and loses puck.
10:40 of 3rd period - Luke Glendening is hit by Emerson Etem and loses puck.
10:59 of 3rd period - Snap shot by Vladimir Tarasenko.
10:59 of 3rd period - Stopped by Matt Hackett without a rebound.
11:00 of 3rd period - Matt Stajan wins face-off versus Michael Latta in Golden Knights zone.
11:21 of 3rd period - Slapshot by Vladimir Tarasenko.
11:21 of 3rd period - Stopped by Matt Hackett with a rebound.
11:50 of 3rd period - Thomas Vanek is hit by Marc-Édouard Vlasic and loses puck.
12:16 of 3rd period - Luke Glendening is hit by Michael Latta and loses puck.
12:17 of 3rd period - Luke Glendening from Golden Knights is injured at 12:17 of 3rd period (Left Foot).
12:18 of 3rd period - Matt Stajan wins face-off versus Frans Nielsen in Golden Knights zone.
12:52 of 3rd period - Snap shot by Rick Nash.
12:52 of 3rd period - Shot Blocked by Andrei Loktionov.
12:54 of 3rd period - Slapshot by Fedor Tyutin.
12:54 of 3rd period - Deflect By Melker Karlsson.
12:54 of 3rd period - Stopped by Matt Hackett without a rebound.
12:55 of 3rd period - Frans Nielsen wins face-off versus Andrei Loktionov in Golden Knights zone.
13:01 of 3rd period - Icing by Eric Gryba.
13:02 of 3rd period - Frans Nielsen wins face-off versus Andrei Loktionov in Golden Knights zone.
13:07 of 3rd period - Snap shot by Vladimir Tarasenko.
13:07 of 3rd period - Stopped by Matt Hackett without a rebound.
13:08 of 3rd period - Frans Nielsen wins face-off versus Matt Stajan in Golden Knights zone.
13:19 of 3rd period - Snap shot by Frans Nielsen.
13:19 of 3rd period - Shot Misses the Net.
13:40 of 3rd period - Snap shot by Damien Brunner.
13:40 of 3rd period - Shot Misses the Net.
13:42 of 3rd period - Wrist shot by Andrew Cogliano.
13:42 of 3rd period - Stopped by Keith Kinkaid without a rebound.
13:43 of 3rd period - Matt Stajan wins face-off versus Frans Nielsen in Islanders zone.
13:48 of 3rd period - Snap shot by Matt Stajan.
13:48 of 3rd period - Shot Blocked by Ryan Ellis.
13:50 of 3rd period - Slapshot by Zach Bogosian.
13:50 of 3rd period - Stopped by Keith Kinkaid with a rebound.
13:52 of 3rd period - Slapshot by Zach Bogosian.
13:52 of 3rd period - Shot Blocked by Vladimir Tarasenko.
13:58 of 3rd period - Snap shot by Nathan Horton.
13:58 of 3rd period - Stopped by Keith Kinkaid without a rebound.
13:59 of 3rd period - Martin Hanzal wins face-off versus Melker Karlsson in Islanders zone.
14:02 of 3rd period - Slapshot by Andrei Loktionov.
14:02 of 3rd period - Shot Blocked by Yann Sauvé.
14:22 of 3rd period - Andrei Loktionov is hit by Yann Sauvé and loses puck.
14:39 of 3rd period - Snap shot by Andrei Loktionov.
14:39 of 3rd period - Deflect By Ryan Ellis.
14:39 of 3rd period - Shot Blocked by Pierre-Edouard Bellemare.
14:39 of 3rd period - Puck is out of play.
14:40 of 3rd period - Matt Stajan wins face-off versus Frans Nielsen in Islanders zone.
14:45 of 3rd period - Snap shot by Matt Stajan.
14:45 of 3rd period - Stopped by Keith Kinkaid with a rebound.
14:53 of 3rd period - Slapshot by Kellan Lain.
14:53 of 3rd period - Stopped by Keith Kinkaid without a rebound.
14:54 of 3rd period - Frans Nielsen wins face-off versus Matt Stajan in Islanders zone.
16:11 of 3rd period - Emerson Etem is hit by Danny DeKeiser and loses puck.
16:53 of 3rd period - Snap shot by Martin Hanzal.
16:53 of 3rd period - Shot Blocked by Fedor Tyutin.
16:55 of 3rd period - Slapshot by Olli Maatta.
16:55 of 3rd period - Stopped by Keith Kinkaid without a rebound.
16:56 of 3rd period - Michael Latta wins face-off versus Martin Hanzal in Islanders zone.
16:56 of 3rd period - Michael Latta is hit by Tom Wilson.
17:23 of 3rd period - Snap shot by Andrei Loktionov.
17:23 of 3rd period - Shot Blocked by Fedor Tyutin.
17:25 of 3rd period - Backhand shot by Vladimir Mihalik.
17:25 of 3rd period - Stopped by Keith Kinkaid with a rebound.
17:29 of 3rd period - Wrist shot by Tom Wilson.
17:29 of 3rd period - Shot Blocked by Marc-Édouard Vlasic.
17:31 of 3rd period - Wrist shot by Martin Hanzal.
17:31 of 3rd period - Stopped by Keith Kinkaid with a rebound.
17:35 of 3rd period - Snap shot by Andrei Loktionov.
17:35 of 3rd period - Stopped by Keith Kinkaid without a rebound.
17:36 of 3rd period - Michael Latta wins face-off versus Chris Tierney in Islanders zone.
17:51 of 3rd period - Wrist shot by Thomas Vanek.
17:51 of 3rd period - Stopped by Keith Kinkaid with a rebound.
17:53 of 3rd period - Slapshot by Mathew Dumba.
17:53 of 3rd period - Stopped by Keith Kinkaid without a rebound.
17:54 of 3rd period - Nathan Horton wins face-off versus Frans Nielsen in Islanders zone.
18:26 of 3rd period - Yann Sauvé is hit by Damien Brunner.
18:30 of 3rd period - Slapshot by Andrew Cogliano.
18:30 of 3rd period - Goal by Andrew Cogliano - Golden Knights : 3 - Islanders : 5.
18:31 of 3rd period - Martin Hanzal wins face-off versus Michael Latta in neutral zone.
19:05 of 3rd period - Zach Bogosian is hit by Brock McGinn and loses puck.
19:55 of 3rd period - Vladimir Tarasenko is hit by Nathan Horton and loses puck.
Goals for this period are 1 for Golden Knights vs 0 for Islanders.
Shots for this period are 20 for Golden Knights vs 12 for Islanders.